 Dungeon Crawl Stone Soup version 0.26-a0-540-g8a0c9464d7 (webtiles) character file.

Game seed: 69982947281833095

264 kae the Ruffian (level 5, -1/41 HPs)
             Began as a Demonspawn Gladiator on Aug 24, 2020.
             Slain by a river rat (4 damage)
             ... in a sewer.
             The game lasted 00:03:23 (3858 turns).

kae the Ruffian (Demonspawn Gladiator)              Turns: 3858, Time: 00:03:24

Health: -1/41      AC:  4    Str: 15    XL:     5   Next: 98%
Magic:  5/5        EV: 12    Int: 10    God:
Gold:   197        SH:  0    Dex: 14    Spells: 4/4 levels left

rFire    . . .     SeeInvis .     - Unarmed
rCold    . . .     Faith    .   (no shield)
rNeg     . . .     Spirit   .   a - +0 leather armour
rPois    .         Reflect  .   b - +0 helmet
rElec    .         Harm     .   f - scarf {shadows}
rCorr    .         Rnd*Rage +   (no gloves)
MR       .....                  (no boots)
Stlth    +.........             (no amulet)
HPRegen  0.13/turn              (no ring)
MPRegen  0.09/turn              (no ring)

@: mighty
A: claws 1, berserk 1, powered by death 1, MP-powered wands
a: no special abilities


You were in a sewer.
You visited 1 branch of the dungeon, and saw 4 of its levels.
You also visited: Sewer.

You collected 197 gold pieces.

Inventory:

Missiles
 c - 3 throwing nets (quivered)
Armour
 a - a +0 leather armour (worn)
 b - a +0 helmet (worn)
 f - a scarf of shadows (worn)
Wands
 m - a wand of enslavement (4)
Scrolls
 k - 2 scrolls of identify
 l - 2 scrolls of teleportation
Potions
 d - 3 potions of curing
 g - 2 potions of might
 i - a potion of haste
 j - a potion of resistance


   Skills:
 - Level 3.0 Fighting
 - Level 1.7 Throwing
 - Level 2.6 Dodging
 * Level 5.8 Unarmed Combat


You had 4 spell levels left.
You didn't know any spells.
Your spell library was empty.

Dungeon Overview and Level Annotations

Branches:
Dungeon (4/15)              Sewer (1/1)
 Temple: D:4-7

Altars:


Innate Abilities, Weirdness & Mutations

You have sharp fingernails.
You regenerate a little health from kills.
You tend to lose your temper in combat.
You expend magic power (3 MP) to strengthen your wands.


Message History

The river rat is heavily wounded.
The river rat bites you. The river rat barely misses you.
You closely miss the river rat.
The river rat is heavily wounded.
The river rat closely misses you.
You scratch the river rat but do no damage.
The river rat is heavily wounded.
The rat splashes around in the water.
The river rat bites you. x2
The rat bites you but does no damage.
You feel very mighty all of a sudden. The rat bites you.
The river rat barely misses you. The river rat bites you!
* * * LOW HITPOINT WARNING * * *
The rat bites you.
* * * LOW HITPOINT WARNING * * *
You closely miss the river rat.
The river rat is heavily wounded.
The rat bites you but does no damage. The river rat bites you.
* * * LOW HITPOINT WARNING * * *
The river rat bites you.
You die...

#######################
##....≈≈≈≈≈≈≈≈≈≈≈≈≈≈≈..##
#.....≈≈≈≈≈≈≈.≈≈≈≈≈≈≈....
#..∩..≈≈≈≈≈≈≈≈≈≈≈≈≈≈≈....
#..∩.≈≈≈≈≈≈≈#≈≈rrr≈≈≈....
#....≈≈≈≈≈≈≈≈≈≈@rr≈≈≈....
##...#≈≈≈≈≈≈≈≈≈r≈≈≈≈≈....
######################..
.


You could see 2 river rats and 4 rats.

Vanquished Creatures
  2 orc wizards (D:3)
  2 orc priests
  An adder (D:3)
  2 river rats (D:4)
  3 worms
  11 dart slugs
  2 leopard geckos
  15 orcs
  5 bats
  4 giant cockroaches
  4 goblins
  2 hobgoblins
  4 jackals (D:2)
  A quokka (D:2)
  3 ball pythons
  3 frilled lizards
  8 kobolds
  10 rats
82 creatures vanquished.

Notes
Turn   | Place    | Note
-------+----------+-------------------------------------------
     0 | D:1      | kae the Demonspawn Gladiator began the quest for the Orb.
     0 | D:1      | Reached XP level 1. HP: 16/16 MP: 1/1
   136 | D:1      | Reached skill level 3 in Unarmed Combat
   434 | D:1      | Gained mutation: You have sharp fingernails. [demonic
                  | ancestry]
   434 | D:1      | Reached XP level 2. HP: 11/22 MP: 2/2
  1642 | D:2      | Reached XP level 3. HP: 14/28 MP: 3/3
  2416 | D:2      | Reached skill level 4 in Unarmed Combat
  2416 | D:2      | Gained mutation: You regenerate a little health from kills.
                  | [demonic ancestry]
  2416 | D:2      | Reached XP level 4. HP: 14/35 MP: 4/4
  2689 | D:3      | Gained mutation: You tend to lose your temper in combat.
                  | [potion of mutation]
  2689 | D:3      | Gained mutation: You expend magic power (3 MP) to
                  | strengthen your wands. [potion of mutation]
  2702 | D:3      | Reached XP level 5. HP: 5/41 MP: 5/5
  2702 | D:3      | HP: 2/41 [orc wizard/+0 dagger (3)]
  2705 | D:3      | Reached skill level 5 in Unarmed Combat
  3793 | D:4      | Found a glowing drain.
  3831 | Sewer    | Entered a sewer
  3858 | Sewer    | Slain by a river rat

Illustrated notes

Levels and vault maps discovered:
D:1:      grunt_arrival_lava_bath, layout_basic, grunt_decor_mini_mirrors
D:2:      layout_rooms, minmay_vboxes
D:3:      kennysheep_slugbush, layout_basic
D:4:      layout_layer_cave, nicolae_overflow_hidden_temple,
          portal_sewer_entry_b, enter_ossuary_4
Sewer:    sewer_minmay_w

Skill      XL: |  1  2  3  4  5 |
---------------+----------------+-----
Unarmed Combat | 3 4 5 |  5.8
Fighting       | 3 |  3.0
Throwing       | |  1.7
Dodging        | |  2.6

Action                   |  1- 3 |  4- 6 || total
-------------------------+-------+-------++-------
Melee: Unarmed           |   127 |   136 ||   263
       Punch             |     1 |     1 ||     2
  Use: Scroll            |     3 |     2 ||     5
       Potion            |       |     9 ||     9
Armor: Leather armour    |    35 |    52 ||    87
Dodge: Dodged            |    68 |   170 ||   238

Table legend: (Time is in decaauts)
 A = Elapsed time spent in this place.
 B = Non-inter-level travel time spent in this place.
 C = Inter-level travel time spent in this place.
 D = Time resting spent in this place.
 E = Time spent auto-exploring this place.
 F = Levels seen in this place.
 G = Mean time per level.
                   A        B        C        D        E       F      G
               +--------+--------+--------+--------+--------+-----+--------+
         Total |   3867 |   3773 |     94 |    671 |   2562 |   5 |  773.4 |
       Dungeon |   3832 |   3738 |     94 |    671 |   2562 |   4 |  958.0 |
         Sewer |     35 |     35 |      0 |      0 |      0 |   1 |   35.0 |
               +--------+--------+--------+--------+--------+-----+--------+

Top non-repeatable levels by time:
     D:2: 1550 daAuts
     D:3: 1367 daAuts
     D:1: 876 daAuts
     D:4: 39 daAuts
   Sewer: 35 daAuts
